 Dungeon Crawl Stone Soup version 0.24.0-1-gfbc8707122 (webtiles) character file.

Game seed: 13432469531978619940, levelgen mode: deterministic

464 MTVSty1e the Cleaver (level 6, -5/56 HPs)
             Began as a Minotaur Fighter on Oct 28, 2019.
             Was an Initiate of Okawaru.
             Killed from afar by an electric eel (12 damage)
             ... with a bolt of electricity
             ... on level 4 of the Dungeon.
             The game lasted 00:04:44 (3471 turns).

MTVSty1e the Cleaver (Minotaur Fighter)             Turns: 3471, Time: 00:04:44

Health: -5/56      AC: 10    Str: 20    XL:     6   Next: 80%
Magic:  5/5        EV:  7    Int:  5    God:    Okawaru [......]
Gold:   156        SH:  9    Dex:  9    Spells: 5/5 levels left

rFire    . . .     SeeInvis .   a - +0 war axe
rCold    . . .     Gourm    .   c - +0 shield
rNeg     . . .     Faith    .   b - +0 scale mail
rPois    .         Spirit   .   v - +1 hat
rElec    .         Reflect  .   j - +0 cloak
rCorr    .         Harm     .   (no gloves)
MR       .....                  n - +0 pair of boots
Stlth    ..........             (no amulet)
HPRegen  0.18/turn              i - ring of wizardry
MPRegen  0.09/turn              q - -3 ring of strength (curse)

@: very slightly contaminated
A: retaliatory headbutt, horns 2
a: Renounce Religion


You were on level 4 of the Dungeon.
You worshipped Okawaru.
Okawaru was noncommittal.
You were hungry.

You visited 2 branches of the dungeon, and saw 5 of its levels.

You collected 156 gold pieces.

Inventory:

Hand Weapons
 a - a +0 war axe (weapon)
Armour
 b - a +0 scale mail (worn)
 c - a +0 shield (worn)
 j - a +0 cloak (worn)
 n - a +0 pair of boots (worn)
 v - a +1 hat (worn)
Jewellery
 i - a ring of wizardry (left hand)
 q - a cursed -3 ring of strength (right hand)
Wands
 t - a wand of flame (14)
 u - a wand of polymorph (11)
Scrolls
 e - 7 scrolls of identify
 k - 3 scrolls of teleportation
 l - a scroll of fear
Potions
 d - 2 potions of might
 g - a potion of heal wounds
 h - 2 potions of haste
 m - 2 potions of lignification {unknown}
 o - a potion of flight {unknown}
 p - a potion of brilliance {unknown}
 r - 2 potions of curing
 s - 2 potions of magic
 w - a potion of cancellation {unknown}
Comestibles
 f - 8 rations


   Skills:
 - Level 5.0 Fighting
 * Level 8.2 Axes
 - Level 3.6 Armour
 - Level 3.6 Shields


You had 5 spell levels left.
You didn't know any spells.
Your spell library was empty.

Dungeon Overview and Level Annotations

Branches:
Dungeon (4/15)             Temple (1/1) D:4

Altars:
Ashenzari
Cheibriados
Fedhas
Gozag
Hepliaklqana
Makhleb
Nemelex Xobeh
Okawaru
Sif Muna
Uskayaw
Vehumet
Wu Jian
Zin
The Shining One

Annotations:
D:3 3 runed translucent doors, mortelune's ghost, novice FoAK
D:4 1 transporter


Innate Abilities, Weirdness & Mutations

You reflexively headbutt those who attack you in melee.
You have a pair of horns on your head.


Message History

You are engulfed in a cloud of scalding steam.
The electric eel shoots out a bolt of lightning at you!
The bolt of electricity hits you.
The bolt of electricity hits the electric eel.
The electric eel completely resists.
The bolt of electricity misses the electric eel.
You closely miss the electric eel.
You are engulfed in a cloud of scalding steam.
The electric eel shoots out a bolt of lightning at you!
The bolt of electricity hits you!
* * * LOW HITPOINT WARNING * * *
The bolt of electricity hits the electric eel.
The electric eel completely resists.
The bolt of electricity hits the electric eel.
The electric eel completely resists.
The bolt of electricity hits you!
* * * LOW HITPOINT WARNING * * *
There is an open door here.
The electric eel shoots out a bolt of lightning at you!
The bolt of electricity hits you!
You die...

####### ######....## ......#
#....'...... ......# #.####....#.
.<....# #.# ######.
######################.# #.
.(#.................##.###### #.
#.#.###############.##.....<# #.
..#.#8P#≈≈≈≈≈≈;#P8#.############.
.#..#..#.......#@.#..## #(...
<..©#©?+...♣...'.©#©..#######....
....#..#.......#..#..............
..#.#8P#≈≈≈≈≈≈;#P8#...#######'###
..#.###############.......#....##
..........[.....[.........#....##
...................[......#....##
......########(.###[......#....##
#####.# ##.# #.......#.b..##


You could see 2 electric eels.

Vanquished Creatures
  An ogre (D:4)
  A hound (D:4)
  A bullfrog skeleton (D:4)
  An orc wizard (D:4)
  An iguana (D:4)
  3 worker ants (D:4)
  7 gnolls (D:2)
  3 adders (D:2)
  An ooze (D:3)
  3 worms
  3 dart slugs
  3 leopard geckos
  3 orcs
  2 giant cockroaches
  10 goblins
  5 hobgoblins
  6 jackals
  3 quokkas (D:3)
  A ball python (D:1)
  7 bats
  6 frilled lizards
  8 kobolds
  11 rats
90 creatures vanquished.

Notes
Turn   | Place    | Note
-------+----------+-------------------------------------------
     0 | D:1      | MTVSty1e the Minotaur Fighter began the quest for the Orb.
     0 | D:1      | Reached XP level 1. HP: 19/19 MP: 0/0
    65 | D:1      | Reached skill level 3 in Axes
    72 | D:1      | Reached XP level 2. HP: 24/27 MP: 1/1
   495 | D:1      | Reached XP level 3. HP: 33/33 MP: 2/2
   768 | D:2      | Reached skill level 4 in Axes
   812 | D:2      | Reached XP level 4. HP: 11/41 MP: 3/3
  1084 | D:2      | Reached skill level 5 in Axes
  1475 | D:2      | Reached XP level 5. HP: 46/47 MP: 4/4
  1482 | D:2      | Reached skill level 5 in Fighting
  1651 | D:2      | Found an ornate altar of the Wu Jian Council.
  1695 | D:3      | Found a faded altar of an unknown god.
  1737 | D:3      | Found a runed translucent gate.
  1737 | D:3      | Found a runed translucent gate.
  2060 | D:3      | Noticed mortelune's ghost (novice FoAK)
  2062 | D:3      | Found a runed translucent gate.
  2479 | D:4      | Reached skill level 6 in Axes
  2490 | D:4      | Found a transporter.
  2559 | D:4      | Reached XP level 6. HP: 28/56 MP: 5/5
  2563 | D:4      | Reached skill level 7 in Axes
  2769 | D:4      | Found a transporter.
  2905 | D:4      | Found a staircase to the Ecumenical Temple.
  2915 | Temple   | Entered the Ecumenical Temple
  3076 | Temple   | Became a worshipper of Warmaster Okawaru
  3221 | D:4      | Reached skill level 8 in Axes
  3471 | D:4      | Killed from afar by an electric eel

Levels and vault maps discovered:
D:1:      tarquinn_simple_flora_water_f, layout_basic
D:2:      layout_loops_ring, nicolae_overflow_hidden_temple, first_ration
D:3:      layout_basic, chequers_ecumenical_altar_island,
          ebering_ghost_rock_garden
D:4:      gammafunk_steamed_eel, layout_basic, minmay_temple_entry_butterflies
Temple:   oiseaux_autumnal_temple

Skill      XL: |  1  2  3  4  5  6 |
---------------+-------------------+-----
Axes           | 3 4 5 6 8 |  8.2
Fighting       | 4 5 |  5.0
Armour         | |  3.6
Shields        | |  3.6

Action                   |  1- 3 |  4- 6 || total
-------------------------+-------+-------++-------
Melee: War axe           |    94 |   145 ||   239
       Headbutt          |    10 |    26 ||    36
Evoke: Wand              |       |     1 ||     1
  Use: Potion            |     3 |       ||     3
       Scroll            |       |     5 ||     5
  Eat: Chunk             |       |     4 ||     4
       Ration            |       |     1 ||     1
Armor: Scale mail        |    50 |    49 ||    99
Dodge: Dodged            |    33 |    36 ||    69
Block: Shield            |    66 |    78 ||   144
